Avalanche vs BlackHawks

Created - February 27, 2015 at 18:23

Goals
1 2 3 OT1 SO T
Avalanche 2 1 0 0 0 3
BlackHawks 1 2 0 0 2 4
Shots
1 2 3 OT1 SO T
Avalanche 6 9 13 0 2 28
BlackHawks 12 10 6 3 2 31

1st period

1. BlackHawks , Dwight King 13 (Dion Phaneuf, Lars Eller) at 7:00
2. Avalanche , Marcus Johansson 12 (Sami Vatanen, Kevin Shattenkirk) at 13:33
3. Avalanche , Ryane Clowe 9 (Colby Robak) at 14:33

Penalties :
Marcel Goc (COL) for Holding Stick (Minor) at 2:12, Jarred Tinordi (CHI) for Holding Stick (Minor) at 14:53, Chris Stewart (CHI) for Delaying the game (Minor) at 17:25, Boone Jenner (COL) for Hooking (Minor) at 19:36

2nd period

4. BlackHawks , Zack Smith 5 (Brandon Bollig, Nathan Horton) at 3:11
5. BlackHawks , Chris Stewart 14 (Martin Hanzal, Alex Galchenyuk) at 7:26
6. Avalanche , Matt Calvert 1 (Kevin Shattenkirk, Keith Yandle) at 10:08

Penalties :
Brandon Bollig (CHI) for Holding (Minor) at 0:51, Kevin Shattenkirk (COL) for High sticking (Minor) at 4:49, Dion Phaneuf (CHI) for Holding (Minor) at 8:02, Victor Bartley (COL) for Tripping (Minor) at 10:17, Brandon Bollig (CHI) for Tripping (Minor) at 11:25

3rd period

No Goal

Penalties :
Matt Greene (CHI) for Holding (Minor) at 6:56, Dion Phaneuf (CHI) for Hooking (Minor) at 8:00, Ryane Clowe (COL) for Cross-checking (Minor) at 8:00, Dion Phaneuf (CHI) for Interference (Minor) at 10:06, Dwight King (CHI) for Hooking (Minor) at 10:29, Matt Greene (CHI) for Hooking (Minor) at 17:41

Overtime #1

No Goal

Penalties :
No Penalty

Shootout

Penalty Shot by Derek Stepan for Avalanche - Stopped by Cam Ward
Penalty Shot by Martin Hanzal for BlackHawks - Goal!
Penalty Shot by Cody Hodgson for Avalanche - Stopped by Cam Ward
Penalty Shot by Chris Stewart for BlackHawks - Goal!

Penalties :
No Penalty

Goalie Stats

Martin Jones (COL), 28 saves from 31 shots - (0.903), OTL, 13-15-3, 65:00 minutes
Cam Ward (CHI), 25 saves from 28 shots - (0.893), W, 6-19-2, 65:00 minutes

Players Stats for Avalanche

Player Name              G  A  P  +/- PIM S  H  SB GA TA FO     MP     PP MP  PK MP  
------------------------------------------------------------------------------------
Boone Jenner             0  0  0   0  2   0  3  0  0  0  1/12    9:40   0:00   0:30 
Cody Hodgson             0  0  0  -1  0   3  0  0  0  0  3/6    18:14   6:50   0:00 
Colby Robak              0  1  1   1  0   0  1  4  0  0  0/0    17:57   0:00   3:22 
Derek Stepan             0  0  0  -1  0   2  0  0  0  0  24/40  26:06   6:55   2:40 
Jerry DAmigo             0  0  0   0  0   0  0  0  0  0  0/0     6:44   0:00   0:00 
John Persson             0  0  0   0  0   0  0  0  0  0  0/0     6:44   0:00   0:00 
Keith Yandle             0  1  1  -1  0   4  1  4  0  0  0/0    25:25   6:30   0:59 
Kevin Shattenkirk        0  2  2   0  2   3  0  1  0  0  0/0    27:00   6:59   2:44 
Marcel Goc               0  0  0   0  2   0  3  1  0  0  10/16  12:31   0:00   3:11 
Marcus Johansson         1  0  1  -1  0   3  1  0  0  0  0/0    19:09   6:55   0:00 
Matt Calvert             1  0  1   0  0   2  1  1  0  0  0/0    16:34   0:00   4:46 
Quinton Howden           0  0  0   0  0   1  1  0  0  0  0/0    10:46   0:00   1:35 
Riley Sheahan            0  0  0   1  0   2  0  0  0  0  14/21  16:44   6:50   0:00 
Ryane Clowe              1  0  1   1  2   1  3  0  0  0  1/1    15:50   6:49   0:00 
Sami Vatanen             0  1  1   0  0   1  2  2  0  0  0/0    22:20   6:46   2:38 
Tyson Barrie             0  0  0  -1  0   4  0  0  0  0  0/0    25:38   5:59   2:59 
Victor Bartley           0  0  0   1  2   0  5  0  0  0  0/0    11:38   1:16   0:00 
Vincent Lecavalier       0  0  0   1  0   2  2  0  0  0  0/0    21:00   6:55   0:00 

Players Stats for BlackHawks

Player Name              G  A  P  +/- PIM S  H  SB GA TA FO     MP     PP MP  PK MP  
------------------------------------------------------------------------------------
Alex Galchenyuk          0  1  1  -2  0   6  0  0  0  0  0/5    21:18   4:21   1:47 
Brandon Bollig           0  1  1   1  4   2  0  0  0  0  2/2    14:42   1:58   6:35 
Chris Stewart            1  0  1  -2  2   3  2  0  0  0  0/1    19:30   4:21   0:00 
David Clarkson           0  0  0   0  0   1  0  0  0  0  1/1     6:06   0:00   0:00 
Dion Phaneuf             0  1  1  -1  6   3  10 2  0  0  0/0    27:18   4:16   5:48 
Douglas Murray           0  0  0   2  0   3  4  2  0  0  0/0    23:23   2:05   7:04 
Dwight King              1  0  1   1  2   2  0  0  0  0  0/0    22:20   2:00   3:46 
Jarred Tinordi           0  0  0  -1  2   0  1  0  0  0  0/0    25:30   4:16   3:56 
Lars Eller               0  1  1   1  0   0  1  0  0  0  9/20   14:38   2:00   1:10 
Luke Schenn              0  0  0  -1  0   3  1  2  0  0  0/0    21:11   2:05   6:34 
Martin Hanzal            0  1  1  -2  0   2  6  0  0  0  15/26  22:04   4:21   0:00 
Matt Greene              0  0  0  -1  4   0  0  1  0  0  0/0    21:07   0:00   5:19 
Mike Komisarek           0  0  0   2  0   0  0  0  0  0  0/0    11:25   0:00   0:38 
Mike Richards            0  0  0   1  0   2  0  0  0  0  3/9    16:30   0:00   5:02 
Nathan Horton            0  1  1   1  0   1  0  0  0  0  1/1     6:09   0:00   0:00 
Patrick Bordeleau        0  0  0   0  0   1  0  0  0  0  0/0     6:06   0:00   0:00 
Trevor Lewis             0  0  0   0  0   1  2  0  0  0  8/25   14:34   0:00   8:28 
Zack Smith               1  0  1   1  0   1  2  0  0  0  4/6     6:09   0:00   0:00 

3 Stars

1 - Zack Smith (CHI)
2 - Ryane Clowe (COL)
3 - Matt Calvert (COL)

Power Play

Avalanche - 0 on 9 Attempt(s) - 0.00%
BlackHawks - 0 on 4 Attempt(s) - 0.00%

Penalty Kill

Avalanche - 4 on 4 Attempt(s) - 100.00% - Score 0 goal in Penalty Kill
BlackHawks - 9 on 9 Attempt(s) - 100.00% - Score 0 goal in Penalty Kill

Team Stat

Avalanche - Hits : 23 - Faceoff Wins : 53 - Blocked Shots : 13 - Penalty Minutes : 10
BlackHawks - Hits : 29 - Faceoff Wins : 43 - Blocked Shots : 7 - Penalty Minutes : 20

Official

Referees : Mark Lemelin and Trevor Hanson
Linesman : Lonnie Cameron and Pierre Champoux

Game Notes

No Game Note

Finance

Level 1 -- Attendance: 3337 (51.34%) -- Ticket Income $500,550
Level 2 -- Attendance: 2583 (51.66%) -- Ticket Income $309,960
Level 3 -- Attendance: 1753 (50.09%) -- Ticket Income $140,240
Level 4 -- Attendance: 1718 (38.18%) -- Ticket Income $85,900
Luxury Box -- Attendance: 641 (64.10%) -- Ticket Income $176,275
Game was played at the United Center'
Total Attendance: 10032 (48.94%)
Total Ticket Income: $1,212,925
Other Income: $181,939
Total Income: $1,394,864

% Time on Ice - Avalanche

Lines # - Real PCT - Wanted PCT - Time Play
Normal Forward
1 - 31% - 40% - 11:24
2 - 25% - 35% - 9:01
3 - 25% - 20% - 9:11
4 - 19% - 5% - 6:44
Normal Defense
1 - 35% - 40% - 12:45
2 - 27% - 30% - 9:51
3 - 30% - 20% - 10:45
4 - 8% - 10% - 2:59
PP Forward
1 - 50% - 50% - 6:55
2 - 50% - 50% - 6:50
PP Defense
1 - 51% - 50% - 6:59
2 - 49% - 50% - 6:46
PK Forward
1 - 75% - 60% - 4:46
2 - 25% - 40% - 1:35
PK Defense
1 - 59% - 60% - 3:43
2 - 41% - 40% - 2:38
PK3 Forward
1 - 0% - 60%
2 - 0% - 40%
PK3 Defense
1 - 0% - 60%
2 - 0% - 40%
44 Forward
1 - 69% - 60% - 5:57
2 - 31% - 40% - 2:37
44 Defense
1 - 53% - 60% - 4:33
2 - 47% - 40% - 4:01
Last Minute Offensive  - 0:00
Last Minute Defensive  - 0:00
Total
Forward - 65:00
Defense - 65:00

% Time on Ice - BlackHawks

Lines # - Real PCT - Wanted PCT - Time Play
Normal Forward
1 - 35% - 32% - 12:37
2 - 32% - 28% - 11:28
3 - 17% - 20% - 6:09
4 - 17% - 20% - 6:06
Normal Defense
1 - 38% - 40% - 13:52
2 - 32% - 32% - 11:41
3 - 30% - 28% - 10:47
4 - 0% - 0% - 0:00
PP Forward
1 - 69% - 55% - 4:21
2 - 31% - 45% - 2:00
PP Defense
1 - 67% - 60% - 4:16
2 - 33% - 40% - 2:05
PK Forward
1 - 70% - 55% - 8:28
2 - 30% - 45% - 3:41
PK Defense
1 - 55% - 55% - 6:38
2 - 45% - 45% - 5:31
PK3 Forward
1 - 54% - 50% - 1:21
2 - 46% - 50% - 1:10
PK3 Defense
1 - 58% - 55% - 1:28
2 - 42% - 45% - 1:03
44 Forward
1 - 67% - 55% - 5:06
2 - 33% - 45% - 2:33
44 Defense
1 - 55% - 55% - 4:12
2 - 45% - 45% - 3:27
Last Minute Offensive  - 0:00
Last Minute Defensive  - 0:00
Total
Forward - 65:00
Defense - 65:00

Play by Play

1st period


0:01 of 1st period - Cody Hodgson wins face-off versus Martin Hanzal in neutral zone.
0:09 of 1st period - Martin Hanzal is hit by Sami Vatanen and loses puck.
0:29 of 1st period - Sami Vatanen is hit by Dion Phaneuf and loses puck.
1:18 of 1st period - Shot by Matt Greene.
1:18 of 1st period - Shot Misses the Net.
1:32 of 1st period - Dwight King is hit by Ryane Clowe and loses puck.
1:57 of 1st period - Shot by Nathan Horton.
1:57 of 1st period - Shot Misses the Net.
1:59 of 1st period - Shot by Brandon Bollig.
1:59 of 1st period - Stopped by Martin Jones without a rebound.
2:00 of 1st period - Trevor Lewis wins face-off versus Boone Jenner in Avalanche zone.
2:00 of 1st period - Mike Komisarek is hit by Victor Bartley and loses puck.
2:10 of 1st period - Off-side.
2:11 of 1st period - Nathan Horton wins face-off versus Marcel Goc in neutral zone.
2:11 of 1st period - Nathan Horton is hit by Marcel Goc.
2:12 of 1st period - Minor Penalty to Marcel Goc for Holding Stick.
2:13 of 1st period - Derek Stepan wins face-off versus Chris Stewart in Avalanche zone.
2:40 of 1st period - Jarred Tinordi is hit by Colby Robak and loses puck.
2:50 of 1st period - Icing by Martin Hanzal.
2:51 of 1st period - Martin Hanzal wins face-off versus Boone Jenner in BlackHawks zone.
3:04 of 1st period - Shot by Dion Phaneuf.
3:04 of 1st period - Stopped by Martin Jones without a rebound.
3:05 of 1st period - Lars Eller wins face-off versus Derek Stepan in Avalanche zone.
3:22 of 1st period - Shot by Luke Schenn.
3:22 of 1st period - Stopped by Martin Jones without a rebound.
3:23 of 1st period - Derek Stepan wins face-off versus Lars Eller in Avalanche zone.
4:23 of 1st period - Shot by Vincent Lecavalier.
4:23 of 1st period - Shot Blocked by Dion Phaneuf.
4:32 of 1st period - Jarred Tinordi is hit by Victor Bartley.
4:58 of 1st period - Patrick Bordeleau is hit by Ryane Clowe and loses puck.
5:16 of 1st period - Martin Hanzal is hit by Victor Bartley and loses puck.
5:32 of 1st period - Alex Galchenyuk is hit by Victor Bartley.
5:44 of 1st period - Shot by Alex Galchenyuk.
5:44 of 1st period - Shot Misses the Net.
5:46 of 1st period - Shot by Douglas Murray.
5:46 of 1st period - Stopped by Martin Jones without a rebound.
5:47 of 1st period - Derek Stepan wins face-off versus Zack Smith in Avalanche zone.
5:47 of 1st period - Derek Stepan is hit by Zack Smith.
5:55 of 1st period - Shot by Zack Smith.
5:55 of 1st period - Shot Misses the Net.
5:57 of 1st period - Shot by Luke Schenn.
5:57 of 1st period - Stopped by Martin Jones without a rebound.
5:58 of 1st period - Lars Eller wins face-off versus Boone Jenner in Avalanche zone.
5:59 of 1st period - Shot by Mike Richards.
5:59 of 1st period - Stopped by Martin Jones without a rebound.
6:00 of 1st period - Zack Smith wins face-off versus Derek Stepan in Avalanche zone.
6:03 of 1st period - Shot by Nathan Horton.
6:03 of 1st period - Shot Blocked by Sami Vatanen.
7:00 of 1st period - Shot by Dwight King.
7:00 of 1st period - Goal by Dwight King - Avalanche : 0 - BlackHawks : 1.
7:01 of 1st period - Martin Hanzal wins face-off versus Boone Jenner in neutral zone.
7:14 of 1st period - Shot by Alex Galchenyuk.
7:14 of 1st period - Shot Misses the Net.
7:16 of 1st period - Shot by Martin Hanzal.
7:16 of 1st period - Shot Blocked by Matt Calvert.
7:18 of 1st period - Shot by Chris Stewart.
7:18 of 1st period - Deflect By Martin Hanzal.
7:18 of 1st period - Shot Misses the Net.
7:20 of 1st period - Shot by Martin Hanzal.
7:20 of 1st period - Shot Misses the Net.
7:52 of 1st period - Dion Phaneuf is hit by Boone Jenner and loses puck.
8:17 of 1st period - Shot by Dion Phaneuf.
8:17 of 1st period - Shot Blocked by Keith Yandle.
8:29 of 1st period - Shot by Dion Phaneuf.
8:29 of 1st period - Shot Misses the Net.
8:31 of 1st period - Shot by Dion Phaneuf.
8:31 of 1st period - Stopped by Martin Jones without a rebound.
8:32 of 1st period - Zack Smith wins face-off versus Cody Hodgson in Avalanche zone.
8:37 of 1st period - Shot by Brandon Bollig.
8:37 of 1st period - Shot Misses the Net.
8:39 of 1st period - Shot by Brandon Bollig.
8:39 of 1st period - Stopped by Martin Jones with a rebound.
8:41 of 1st period - Shot by Nathan Horton.
8:41 of 1st period - Shot Misses the Net.
8:43 of 1st period - Shot by Matt Greene.
8:43 of 1st period - Shot Misses the Net.
8:49 of 1st period - Shot by Nathan Horton.
8:49 of 1st period - Shot Misses the Net.
9:03 of 1st period - Shot by Brandon Bollig.
9:03 of 1st period - Shot Misses the Net.
10:50 of 1st period - Shot by Jarred Tinordi.
10:50 of 1st period - Shot Misses the Net.
11:13 of 1st period - Icing by Marcel Goc.
11:14 of 1st period - Marcel Goc wins face-off versus Zack Smith in Avalanche zone.
11:14 of 1st period - Tyson Barrie is hit by Zack Smith and loses puck.
11:45 of 1st period - Shot by Nathan Horton.
11:45 of 1st period - Shot Misses the Net.
11:47 of 1st period - Shot by Nathan Horton.
11:47 of 1st period - Shot Misses the Net.
11:49 of 1st period - Shot by Zack Smith.
11:49 of 1st period - Deflect By Nathan Horton.
11:49 of 1st period - Stopped by Martin Jones with a rebound.
12:07 of 1st period - Brandon Bollig is hit by Marcel Goc.
12:10 of 1st period - Matt Greene is hit by Keith Yandle.
12:45 of 1st period - Shot by Mike Richards.
12:45 of 1st period - Shot Blocked by Keith Yandle.
13:26 of 1st period - Kevin Shattenkirk is hit by Martin Hanzal and loses puck.
13:31 of 1st period - Shot by Sami Vatanen.
13:31 of 1st period - Shot Misses the Net.
13:33 of 1st period - Shot by Marcus Johansson.
13:33 of 1st period - Goal by Marcus Johansson - Avalanche : 1 - BlackHawks : 1.
13:34 of 1st period - Trevor Lewis wins face-off versus Riley Sheahan in neutral zone.
13:36 of 1st period - Off-side.
13:37 of 1st period - Trevor Lewis wins face-off versus Derek Stepan in neutral zone.
13:43 of 1st period - Icing by Dion Phaneuf.
13:44 of 1st period - Derek Stepan wins face-off versus Trevor Lewis in BlackHawks zone.
13:58 of 1st period - Off-side.
13:59 of 1st period - Riley Sheahan wins face-off versus Martin Hanzal in neutral zone.
13:59 of 1st period - Riley Sheahan is hit by Chris Stewart.
14:33 of 1st period - Shot by Ryane Clowe.
14:33 of 1st period - Goal by Ryane Clowe - Avalanche : 2 - BlackHawks : 1.
14:34 of 1st period - Lars Eller wins face-off versus Derek Stepan in neutral zone.
14:42 of 1st period - Derek Stepan is hit by Dion Phaneuf and loses puck.
14:52 of 1st period - Cody Hodgson is hit by Dion Phaneuf.
14:53 of 1st period - Minor Penalty to Jarred Tinordi for Holding Stick.
14:54 of 1st period - Brandon Bollig wins face-off versus Riley Sheahan in BlackHawks zone.
15:22 of 1st period - Shot by Cody Hodgson.
15:22 of 1st period - Stopped by Cam Ward without a rebound.
15:23 of 1st period - Mike Richards wins face-off versus Derek Stepan in BlackHawks zone.
15:47 of 1st period - Kevin Shattenkirk is hit by Dion Phaneuf and loses puck.
15:55 of 1st period - Icing by Kevin Shattenkirk.
15:56 of 1st period - Mike Richards wins face-off versus Derek Stepan in Avalanche zone.
15:59 of 1st period - Shot by Dwight King.
15:59 of 1st period - Deflect By Mike Richards.
15:59 of 1st period - Stopped by Martin Jones without a rebound.
16:00 of 1st period - Riley Sheahan wins face-off versus Trevor Lewis in Avalanche zone.
16:00 of 1st period - Ryane Clowe is hit by Trevor Lewis.
16:16 of 1st period - Shot by Riley Sheahan.
16:16 of 1st period - Shot Blocked by Luke Schenn.
16:34 of 1st period - Shot by Riley Sheahan.
16:34 of 1st period - Stopped by Cam Ward with a rebound.
17:07 of 1st period - Colby Robak is hit by Douglas Murray and loses puck.
17:25 of 1st period - Minor Penalty to Chris Stewart for Delaying the game.
17:26 of 1st period - Trevor Lewis wins face-off versus Derek Stepan in BlackHawks zone.
18:05 of 1st period - Shot by Tyson Barrie.
18:05 of 1st period - Stopped by Cam Ward without a rebound.
18:06 of 1st period - Riley Sheahan wins face-off versus Trevor Lewis in BlackHawks zone.
18:29 of 1st period - Shot by Riley Sheahan.
18:29 of 1st period - Shot Misses the Net.
18:31 of 1st period - Shot by Kevin Shattenkirk.
18:31 of 1st period - Stopped by Cam Ward without a rebound.
18:32 of 1st period - Derek Stepan wins face-off versus Mike Richards in BlackHawks zone.
19:36 of 1st period - Minor Penalty to Boone Jenner for Hooking.
19:37 of 1st period - Martin Hanzal wins face-off versus Marcel Goc in Avalanche zone.
19:50 of 1st period - Shot by Jarred Tinordi.
19:50 of 1st period - Deflect By Martin Hanzal.
19:50 of 1st period - Shot Blocked by Marcel Goc.
19:52 of 1st period - Shot by Dion Phaneuf.
19:52 of 1st period - Stopped by Martin Jones with a rebound.
19:54 of 1st period - Shot by Alex Galchenyuk.
19:54 of 1st period - Shot Blocked by Colby Robak.
19:56 of 1st period - Shot by Jarred Tinordi.
19:56 of 1st period - Shot Misses the Net.
19:58 of 1st period - Shot by Dion Phaneuf.
19:58 of 1st period - Shot Misses the Net.
Goals for this period are 2 for Avalanche vs 1 for BlackHawks.
Shots for this period are 6 for Avalanche vs 12 for BlackHawks.

2nd period


0:01 of 2nd period - Marcel Goc wins face-off versus Martin Hanzal in neutral zone.
0:30 of 2nd period - Shot by Alex Galchenyuk.
0:30 of 2nd period - Shot Misses the Net.
0:32 of 2nd period - Shot by Martin Hanzal.
0:32 of 2nd period - Shot Blocked by Colby Robak.
0:51 of 2nd period - Minor Penalty to Brandon Bollig for Holding.
0:52 of 2nd period - Martin Hanzal wins face-off versus Derek Stepan in BlackHawks zone.
1:11 of 2nd period - Shot by Martin Hanzal.
1:11 of 2nd period - Shot Hit the Post.
1:35 of 2nd period - Off-side.
1:36 of 2nd period - Riley Sheahan wins face-off versus Trevor Lewis in neutral zone.
1:48 of 2nd period - Icing by Sami Vatanen.
1:49 of 2nd period - Riley Sheahan wins face-off versus Trevor Lewis in Avalanche zone.
1:49 of 2nd period - Riley Sheahan is hit by Trevor Lewis.
1:57 of 2nd period - Shot by Sami Vatanen.
1:57 of 2nd period - Deflect By Riley Sheahan.
1:57 of 2nd period - Shot Misses the Net.
2:28 of 2nd period - Shot by Tyson Barrie.
2:28 of 2nd period - Shot Blocked by Luke Schenn.
3:05 of 2nd period - Shot by Brandon Bollig.
3:05 of 2nd period - Deflect By Nathan Horton.
3:05 of 2nd period - Shot Misses the Net.
3:09 of 2nd period - Shot by Zack Smith.
3:09 of 2nd period - Deflect By Brandon Bollig.
3:09 of 2nd period - Shot Misses the Net.
3:11 of 2nd period - Shot by Zack Smith.
3:11 of 2nd period - Goal by Zack Smith - Avalanche : 2 - BlackHawks : 2.
3:12 of 2nd period - Marcel Goc wins face-off versus Lars Eller in neutral zone.
3:39 of 2nd period - Shot by Mike Richards.
3:39 of 2nd period - Shot Misses the Net.
4:31 of 2nd period - Icing by Jarred Tinordi.
4:32 of 2nd period - Trevor Lewis wins face-off versus Derek Stepan in BlackHawks zone.
4:34 of 2nd period - Jarred Tinordi is hit by Marcus Johansson and loses puck.
4:49 of 2nd period - Minor Penalty to Kevin Shattenkirk for High sticking.
4:50 of 2nd period - Martin Hanzal wins face-off versus Derek Stepan in Avalanche zone.
5:27 of 2nd period - Shot by Alex Galchenyuk.
5:27 of 2nd period - Stopped by Martin Jones without a rebound.
5:28 of 2nd period - Marcel Goc wins face-off versus Lars Eller in Avalanche zone.
5:34 of 2nd period - Icing by Lars Eller.
5:35 of 2nd period - Lars Eller wins face-off versus Marcel Goc in BlackHawks zone.
6:30 of 2nd period - Martin Hanzal is hit by Matt Calvert and loses puck.
6:37 of 2nd period - Shot by Douglas Murray.
6:37 of 2nd period - Stopped by Martin Jones without a rebound.
6:38 of 2nd period - Derek Stepan wins face-off versus Alex Galchenyuk in Avalanche zone.
6:52 of 2nd period - Off-side.
6:53 of 2nd period - David Clarkson wins face-off versus Derek Stepan in neutral zone.
7:02 of 2nd period - Shot by Trevor Lewis.
7:02 of 2nd period - Deflect By Patrick Bordeleau.
7:02 of 2nd period - Stopped by Martin Jones without a rebound.
7:03 of 2nd period - Martin Hanzal wins face-off versus Derek Stepan in Avalanche zone.
7:12 of 2nd period - Shot by Martin Hanzal.
7:12 of 2nd period - Stopped by Martin Jones with a rebound.
7:22 of 2nd period - Shot by Chris Stewart.
7:22 of 2nd period - Shot Misses the Net.
7:24 of 2nd period - Shot by Martin Hanzal.
7:24 of 2nd period - Shot Misses the Net.
7:26 of 2nd period - Shot by Chris Stewart.
7:26 of 2nd period - Goal by Chris Stewart - Avalanche : 2 - BlackHawks : 3.
7:27 of 2nd period - Lars Eller wins face-off versus Riley Sheahan in neutral zone.
7:31 of 2nd period - Mike Richards is hit by Sami Vatanen and loses puck.
7:56 of 2nd period - Icing by Jarred Tinordi.
7:57 of 2nd period - Derek Stepan wins face-off versus Lars Eller in BlackHawks zone.
7:57 of 2nd period - Marcus Johansson is hit by Dion Phaneuf and loses puck.
8:01 of 2nd period - Icing by Dion Phaneuf.
8:02 of 2nd period - Cody Hodgson wins face-off versus Lars Eller in BlackHawks zone.
8:02 of 2nd period - Minor Penalty to Dion Phaneuf for Holding.
8:03 of 2nd period - Derek Stepan wins face-off versus Trevor Lewis in BlackHawks zone.
8:32 of 2nd period - Shot by Keith Yandle.
8:32 of 2nd period - Stopped by Cam Ward without a rebound.
8:33 of 2nd period - Riley Sheahan wins face-off versus Trevor Lewis in BlackHawks zone.
8:40 of 2nd period - Shot by Tyson Barrie.
8:40 of 2nd period - Stopped by Cam Ward without a rebound.
8:41 of 2nd period - Trevor Lewis wins face-off versus Cody Hodgson in BlackHawks zone.
9:23 of 2nd period - Shot by Cody Hodgson.
9:23 of 2nd period - Stopped by Cam Ward with a rebound.
9:37 of 2nd period - Shot by Vincent Lecavalier.
9:37 of 2nd period - Shot Blocked by Douglas Murray.
9:39 of 2nd period - Shot by Derek Stepan.
9:39 of 2nd period - Stopped by Cam Ward with a rebound.
9:41 of 2nd period - Shot by Keith Yandle.
9:41 of 2nd period - Shot Blocked by Douglas Murray.
9:50 of 2nd period - Icing by Kevin Shattenkirk.
9:51 of 2nd period - Brandon Bollig wins face-off versus Derek Stepan in Avalanche zone.
10:08 of 2nd period - Shot by Matt Calvert.
10:08 of 2nd period - Goal by Matt Calvert - Avalanche : 3 - BlackHawks : 3.
10:09 of 2nd period - Martin Hanzal wins face-off versus Boone Jenner in neutral zone.
10:13 of 2nd period - Jarred Tinordi is hit by Boone Jenner and loses puck.
10:17 of 2nd period - Minor Penalty to Victor Bartley for Tripping.
10:18 of 2nd period - Martin Hanzal wins face-off versus Marcel Goc in Avalanche zone.
10:25 of 2nd period - Shot by Alex Galchenyuk.
10:25 of 2nd period - Stopped by Martin Jones without a rebound.
10:26 of 2nd period - Marcel Goc wins face-off versus Martin Hanzal in Avalanche zone.
10:36 of 2nd period - Icing by Dion Phaneuf.
10:37 of 2nd period - Marcel Goc wins face-off versus Martin Hanzal in BlackHawks zone.
11:06 of 2nd period - Icing by Alex Galchenyuk.
11:07 of 2nd period - Marcel Goc wins face-off versus Alex Galchenyuk in BlackHawks zone.
11:24 of 2nd period - Off-side.
11:25 of 2nd period - Marcel Goc wins face-off versus Lars Eller in neutral zone.
11:25 of 2nd period - Minor Penalty to Brandon Bollig for Tripping.
11:26 of 2nd period - Derek Stepan wins face-off versus Martin Hanzal in BlackHawks zone.
11:29 of 2nd period - Shot by Vincent Lecavalier.
11:29 of 2nd period - Shot Misses the Net.
11:43 of 2nd period - Shot by Derek Stepan.
11:43 of 2nd period - Shot Blocked by Matt Greene.
11:45 of 2nd period - Shot by Vincent Lecavalier.
11:45 of 2nd period - Stopped by Cam Ward without a rebound.
11:46 of 2nd period - Derek Stepan wins face-off versus Martin Hanzal in BlackHawks zone.
12:13 of 2nd period - Colby Robak is hit by Douglas Murray and loses puck.
12:44 of 2nd period - Shot by Kevin Shattenkirk.
12:44 of 2nd period - Stopped by Cam Ward with a rebound.
12:46 of 2nd period - Shot by Keith Yandle.
12:46 of 2nd period - Stopped by Cam Ward without a rebound.
12:47 of 2nd period - Derek Stepan wins face-off versus Trevor Lewis in BlackHawks zone.
12:47 of 2nd period - Marcus Johansson is hit by Douglas Murray and loses puck.
13:14 of 2nd period - Icing by Tyson Barrie.
13:15 of 2nd period - Derek Stepan wins face-off versus Mike Richards in Avalanche zone.
14:37 of 2nd period - Icing by Sami Vatanen.
14:38 of 2nd period - Martin Hanzal wins face-off versus Marcel Goc in Avalanche zone.
14:47 of 2nd period - Shot by Martin Hanzal.
14:47 of 2nd period - Deflect By Alex Galchenyuk.
14:47 of 2nd period - Stopped by Martin Jones without a rebound.
14:48 of 2nd period - Derek Stepan wins face-off versus Lars Eller in Avalanche zone.
15:38 of 2nd period - Tyson Barrie is hit by Martin Hanzal and loses puck.
15:47 of 2nd period - Shot by Martin Hanzal.
15:47 of 2nd period - Deflect By Alex Galchenyuk.
15:47 of 2nd period - Shot Misses the Net.
15:53 of 2nd period - Shot by Luke Schenn.
15:53 of 2nd period - Stopped by Martin Jones without a rebound.
15:54 of 2nd period - Riley Sheahan wins face-off versus Trevor Lewis in Avalanche zone.
16:53 of 2nd period - Quinton Howden is hit by Dion Phaneuf and loses puck.
16:59 of 2nd period - Matt Calvert is hit by Dion Phaneuf and loses puck.
17:04 of 2nd period - Shot by Matt Calvert.
17:04 of 2nd period - Shot Blocked by Dion Phaneuf.
17:18 of 2nd period - Shot by Quinton Howden.
17:18 of 2nd period - Stopped by Cam Ward without a rebound.
17:19 of 2nd period - Marcel Goc wins face-off versus Lars Eller in BlackHawks zone.
17:42 of 2nd period - Douglas Murray is hit by Marcel Goc and loses puck.
18:54 of 2nd period - Sami Vatanen is hit by Chris Stewart and loses puck.
19:18 of 2nd period - Sami Vatanen is hit by Dion Phaneuf.
19:30 of 2nd period - Shot by Martin Hanzal.
19:30 of 2nd period - Deflect By Alex Galchenyuk.
19:30 of 2nd period - Stopped by Martin Jones without a rebound.
19:31 of 2nd period - Lars Eller wins face-off versus Riley Sheahan in Avalanche zone.
19:34 of 2nd period - Shot by Mike Richards.
19:34 of 2nd period - Shot Blocked by Colby Robak.
19:43 of 2nd period - Icing by Mike Komisarek.
19:44 of 2nd period - Lars Eller wins face-off versus Boone Jenner in BlackHawks zone.
19:44 of 2nd period - Mike Komisarek is hit by Quinton Howden and loses puck.
Goals for this period are 1 for Avalanche vs 2 for BlackHawks.
Shots for this period are 9 for Avalanche vs 10 for BlackHawks.

3rd period


0:01 of 3rd period - Martin Hanzal wins face-off versus Derek Stepan in neutral zone.
0:34 of 3rd period - Shot by Jarred Tinordi.
0:34 of 3rd period - Deflect By Martin Hanzal.
0:34 of 3rd period - Stopped by Martin Jones without a rebound.
0:35 of 3rd period - Riley Sheahan wins face-off versus Lars Eller in Avalanche zone.
2:07 of 3rd period - Shot by Derek Stepan.
2:07 of 3rd period - Stopped by Cam Ward with a rebound.
2:20 of 3rd period - Alex Galchenyuk is hit by Victor Bartley and loses puck.
2:24 of 3rd period - Icing by Colby Robak.
2:25 of 3rd period - Zack Smith wins face-off versus Boone Jenner in Avalanche zone.
2:34 of 3rd period - Shot by Matt Calvert.
2:34 of 3rd period - Stopped by Cam Ward without a rebound.
2:35 of 3rd period - Boone Jenner wins face-off versus Trevor Lewis in BlackHawks zone.
4:01 of 3rd period - Shot by Marcus Johansson.
4:01 of 3rd period - Stopped by Cam Ward with a rebound.
4:11 of 3rd period - Shot by Marcus Johansson.
4:11 of 3rd period - Shot Misses the Net.
4:22 of 3rd period - Icing by Matt Greene.
4:23 of 3rd period - Martin Hanzal wins face-off versus Riley Sheahan in BlackHawks zone.
4:23 of 3rd period - Martin Hanzal is hit by Ryane Clowe.
6:04 of 3rd period - Shot by Nathan Horton.
6:04 of 3rd period - Shot Blocked by Sami Vatanen.
6:11 of 3rd period - Icing by Kevin Shattenkirk.
6:12 of 3rd period - Derek Stepan wins face-off versus Martin Hanzal in Avalanche zone.
6:12 of 3rd period - Derek Stepan is hit by Martin Hanzal.
6:34 of 3rd period - Boone Jenner is hit by Luke Schenn and loses puck.
6:55 of 3rd period - Shot by Matt Calvert.
6:55 of 3rd period - Shot Misses the Net.
6:56 of 3rd period - Minor Penalty to Matt Greene for Holding.
6:57 of 3rd period - Riley Sheahan wins face-off versus Trevor Lewis in BlackHawks zone.
6:58 of 3rd period - Shot by Keith Yandle.
6:58 of 3rd period - Stopped by Cam Ward without a rebound.
6:59 of 3rd period - Trevor Lewis wins face-off versus Riley Sheahan in BlackHawks zone.
7:08 of 3rd period - Shot by Keith Yandle.
7:08 of 3rd period - Stopped by Cam Ward without a rebound.
7:09 of 3rd period - Derek Stepan wins face-off versus Trevor Lewis in BlackHawks zone.
7:28 of 3rd period - Marcus Johansson is hit by Dion Phaneuf.
7:44 of 3rd period - Marcus Johansson is hit by Jarred Tinordi and loses puck.
8:00 of 3rd period - Minor Penalty to Dion Phaneuf for Hooking.
8:00 of 3rd period - Minor Penalty to Ryane Clowe for Cross-checking.
8:01 of 3rd period - Derek Stepan wins face-off versus Mike Richards in BlackHawks zone.
8:02 of 3rd period - Shot by Vincent Lecavalier.
8:02 of 3rd period - Shot Misses the Net.
9:11 of 3rd period - Shot by Dwight King.
9:11 of 3rd period - Shot Misses the Net.
10:00 of 3rd period - Off-side.
10:01 of 3rd period - Zack Smith wins face-off versus Cody Hodgson in neutral zone.
10:06 of 3rd period - Minor Penalty to Dion Phaneuf for Interference.
10:07 of 3rd period - Riley Sheahan wins face-off versus Trevor Lewis in BlackHawks zone.
10:16 of 3rd period - Shot by Kevin Shattenkirk.
10:16 of 3rd period - Stopped by Cam Ward without a rebound.
10:17 of 3rd period - Riley Sheahan wins face-off versus Trevor Lewis in BlackHawks zone.
10:29 of 3rd period - Minor Penalty to Dwight King for Hooking.
10:30 of 3rd period - Derek Stepan wins face-off versus Lars Eller in BlackHawks zone.
10:31 of 3rd period - Shot by Keith Yandle.
10:31 of 3rd period - Shot Misses the Net.
11:07 of 3rd period - Shot by Kevin Shattenkirk.
11:07 of 3rd period - Shot Misses the Net.
11:09 of 3rd period - Shot by Marcus Johansson.
11:09 of 3rd period - Stopped by Cam Ward without a rebound.
11:10 of 3rd period - Lars Eller wins face-off versus Riley Sheahan in BlackHawks zone.
11:23 of 3rd period - Shot by Riley Sheahan.
11:23 of 3rd period - Shot Misses the Net.
11:25 of 3rd period - Shot by Ryane Clowe.
11:25 of 3rd period - Shot Misses the Net.
11:29 of 3rd period - Shot by Sami Vatanen.
11:29 of 3rd period - Stopped by Cam Ward without a rebound.
11:30 of 3rd period - Mike Richards wins face-off versus Derek Stepan in BlackHawks zone.
11:30 of 3rd period - Mike Richards is hit by Vincent Lecavalier.
11:59 of 3rd period - Luke Schenn is hit by Vincent Lecavalier.
12:20 of 3rd period - Shot by Trevor Lewis.
12:20 of 3rd period - Stopped by Martin Jones with a rebound.
12:42 of 3rd period - Shot by Alex Galchenyuk.
12:42 of 3rd period - Shot Blocked by Colby Robak.
13:09 of 3rd period - Shot by Chris Stewart.
13:09 of 3rd period - Stopped by Martin Jones with a rebound.
13:31 of 3rd period - Shot by Mike Richards.
13:31 of 3rd period - Shot Misses the Net.
14:26 of 3rd period - Shot by Riley Sheahan.
14:26 of 3rd period - Shot Misses the Net.
14:28 of 3rd period - Shot by Vincent Lecavalier.
14:28 of 3rd period - Stopped by Cam Ward with a rebound.
15:17 of 3rd period - Kevin Shattenkirk is hit by Douglas Murray and loses puck.
15:49 of 3rd period - Icing by Mike Komisarek.
15:50 of 3rd period - Martin Hanzal wins face-off versus Boone Jenner in BlackHawks zone.
15:50 of 3rd period - Martin Hanzal is hit by Boone Jenner.
16:09 of 3rd period - Off-side.
16:10 of 3rd period - Trevor Lewis wins face-off versus Derek Stepan in neutral zone.
16:20 of 3rd period - Shot by David Clarkson.
16:20 of 3rd period - Stopped by Martin Jones without a rebound.
16:21 of 3rd period - Derek Stepan wins face-off versus Lars Eller in Avalanche zone.
16:21 of 3rd period - Derek Stepan is hit by Lars Eller.
16:32 of 3rd period - Icing by Jarred Tinordi.
16:33 of 3rd period - Lars Eller wins face-off versus Boone Jenner in BlackHawks zone.
17:07 of 3rd period - Kevin Shattenkirk is hit by Dion Phaneuf and loses puck.
17:41 of 3rd period - Minor Penalty to Matt Greene for Hooking.
17:42 of 3rd period - Derek Stepan wins face-off versus Trevor Lewis in BlackHawks zone.
18:07 of 3rd period - Shot by Tyson Barrie.
18:07 of 3rd period - Stopped by Cam Ward without a rebound.
18:08 of 3rd period - Riley Sheahan wins face-off versus Trevor Lewis in BlackHawks zone.
18:15 of 3rd period - Shot by Cody Hodgson.
18:15 of 3rd period - Stopped by Cam Ward without a rebound.
18:16 of 3rd period - Ryane Clowe wins face-off versus Mike Richards in BlackHawks zone.
18:21 of 3rd period - Shot by Ryane Clowe.
18:21 of 3rd period - Deflect By Riley Sheahan.
18:21 of 3rd period - Shot Misses the Net.
18:39 of 3rd period - Shot by Riley Sheahan.
18:39 of 3rd period - Stopped by Cam Ward without a rebound.
18:40 of 3rd period - Derek Stepan wins face-off versus Mike Richards in BlackHawks zone.
18:47 of 3rd period - Shot by Derek Stepan.
18:47 of 3rd period - Shot Misses the Net.
19:05 of 3rd period - Shot by Tyson Barrie.
19:05 of 3rd period - Stopped by Cam Ward without a rebound.
19:06 of 3rd period - Riley Sheahan wins face-off versus Mike Richards in BlackHawks zone.
19:43 of 3rd period - Icing by Ryane Clowe.
19:44 of 3rd period - Martin Hanzal wins face-off versus Boone Jenner in Avalanche zone.
19:45 of 3rd period - Shot by Alex Galchenyuk.
19:45 of 3rd period - Stopped by Martin Jones with a rebound.
19:48 of 3rd period - Icing by Colby Robak.
19:49 of 3rd period - Martin Hanzal wins face-off versus Boone Jenner in Avalanche zone.
19:56 of 3rd period - Shot by Alex Galchenyuk.
19:56 of 3rd period - Stopped by Martin Jones without a rebound.
19:57 of 3rd period - Cody Hodgson wins face-off versus Trevor Lewis in Avalanche zone.
Goals for this period are 0 for Avalanche vs 0 for BlackHawks.
Shots for this period are 13 for Avalanche vs 6 for BlackHawks.

Overtime #1


0:01 of 1st overtime period - Derek Stepan wins face-off versus Martin Hanzal in neutral zone.
0:18 of 1st overtime period - Shot by Martin Hanzal.
0:18 of 1st overtime period - Shot Blocked by Keith Yandle.
0:20 of 1st overtime period - Shot by Dwight King.
0:20 of 1st overtime period - Deflect By Martin Hanzal.
0:20 of 1st overtime period - Shot Blocked by Kevin Shattenkirk.
0:22 of 1st overtime period - Shot by Martin Hanzal.
0:22 of 1st overtime period - Shot Misses the Net.
0:38 of 1st overtime period - Shot by Dwight King.
0:38 of 1st overtime period - Shot Hit the Post.
1:13 of 1st overtime period - Shot by Chris Stewart.
1:13 of 1st overtime period - Shot Blocked by Keith Yandle.
1:15 of 1st overtime period - Shot by Douglas Murray.
1:15 of 1st overtime period - Shot Misses the Net.
1:17 of 1st overtime period - Shot by Chris Stewart.
1:17 of 1st overtime period - Stopped by Martin Jones without a rebound.
1:18 of 1st overtime period - Martin Hanzal wins face-off versus Marcel Goc in Avalanche zone.
1:37 of 1st overtime period - Shot by Dwight King.
1:37 of 1st overtime period - Stopped by Martin Jones without a rebound.
1:38 of 1st overtime period - Riley Sheahan wins face-off versus Alex Galchenyuk in Avalanche zone.
2:16 of 1st overtime period - Icing by Dion Phaneuf.
2:17 of 1st overtime period - Derek Stepan wins face-off versus Alex Galchenyuk in BlackHawks zone.
2:54 of 1st overtime period - Shot by Dwight King.
2:54 of 1st overtime period - Shot Misses the Net.
2:57 of 1st overtime period - Icing by Vincent Lecavalier.
2:58 of 1st overtime period - Derek Stepan wins face-off versus Martin Hanzal in Avalanche zone.
2:58 of 1st overtime period - Keith Yandle is hit by Martin Hanzal and loses puck.
3:17 of 1st overtime period - Shot by Douglas Murray.
3:17 of 1st overtime period - Stopped by Martin Jones with a rebound.
3:24 of 1st overtime period - Kevin Shattenkirk is hit by Martin Hanzal and loses puck.
3:32 of 1st overtime period - Derek Stepan is hit by Martin Hanzal.
4:18 of 1st overtime period - Shot by Alex Galchenyuk.
4:18 of 1st overtime period - Shot Misses the Net.
4:25 of 1st overtime period - Icing by Marcel Goc.
4:26 of 1st overtime period - Marcel Goc wins face-off versus Martin Hanzal in Avalanche zone.
4:56 of 1st overtime period - Off-side.
4:57 of 1st overtime period - Derek Stepan wins face-off versus Alex Galchenyuk in neutral zone.
Goals for this period are 0 for Avalanche vs 0 for BlackHawks.
Shots for this period are 0 for Avalanche vs 3 for BlackHawks.

ShootOut


5:00 of 1st overtime period - Penalty Shot by Derek Stepan for Avalanche.
5:00 of 1st overtime period - Stopped by Cam Ward.
5:00 of 1st overtime period - Penalty Shot by Martin Hanzal for BlackHawks.
5:00 of 1st overtime period - Goal by Martin Hanzal.
5:00 of 1st overtime period - Penalty Shot by Cody Hodgson for Avalanche.
5:00 of 1st overtime period - Stopped by Cam Ward.
5:00 of 1st overtime period - Penalty Shot by Chris Stewart for BlackHawks.
5:00 of 1st overtime period - Goal by Chris Stewart.


Output by the SimonT Hockey Simulator (STHS) for Stephane Roy -- Original Page W3C XHTML 1.0 Valid
Hockey Simulator - Hockey Simulation - Hockey Manager